[Event "Titled Tuesday Blitz August 08 Early 2023"]
[White "Movahed, Sina"]
[Black "Willy, Stephen"]
[WhiteFideId "42520835"]
[BlackFideId "30981468"]
[WhiteElo "2977"]
[BlackElo "2498"]
[Result "1-0"]
[Round "1"]
[TimeControl "180+1"]
[Date "2023.08.08"]
[WhiteClock "0:01:59"]
[BlackClock "0:01:17"]
[Board "26"]

1. e4 e5 2. Nf3 Nf6 3. Nxe5 d6 4. Nf3 Nxe4 5. Nc3 Nxc3 6. dxc3 Be7 7. Bf4 O-O 8. Qd2 Be6 9. Nd4 Nc6 10. O-O-O Bf6 11. Nxe6 fxe6 12. g3 Qe8 13. h4 a5 14. Bc4 d5 15. Bb5 Qc8 16. Rhe1 Na7 17. Bd3 b5 18. Qe2 Re8 19. Qh5 g6 20. Bxg6 hxg6 21. Qxg6+ Bg7 22. h5 Qd7 23. h6 Nc8 24. hxg7 Qxg7 25. Qxe8+ 1-0


[Site "https://www.chess.com"]

[Event "Titled Tuesday Blitz August 08 Early 2023"]
[White "Le, Tuan Minh"]
[Black "Domingo Nunez, Alejandro"]
[WhiteFideId "12401153"]
[BlackFideId "22245561"]
[WhiteElo "2968"]
[BlackElo "2496"]
[Result "1/2-1/2"]
[Round "1"]
[TimeControl "180+1"]
[Date "2023.08.08"]
[WhiteClock "0:00:14"]
[BlackClock "0:00:10"]
[Board "28"]

1. d4 g6 2. e4 Bg7 3. Bc4 c6 4. Bb3 d5 5. e5 f6 6. exf6 Nxf6 7. h3 O-O 8. Nf3 Qd6 9. O-O Bf5 10. Nc3 Nbd7 11. Re1 Kh8 12. Bg5 Rae8 13. Qc1 Ne4 14. Bf4 e5 15. dxe5 Nxe5 16. Nxe5 Bxe5 17. Bxe5+ Qxe5 18. Qh6 Qf6 19. Nxe4 Bxe4 20. f3 Bf5 21. c3 Be6 22. Re3 Qg7 23. Qh4 Qf6 24. Qf2 Bd7 25. Rae1 b6 26. Qg3 Rxe3 27. Rxe3 Re8 28. Rxe8+ Bxe8 29. Qc7 Qf7 30. Qg3 Kg7 31. Bc2 Qe7 32. f4 Qe2 33. Bd3 Qe7 34. f5 Bf7 35. h4 Qf6 36. a4 Kh6 37. Qf4+ Kg7 38. g3 gxf5 39. Bxf5 Bg6 40. Qc7+ Qf7 41. Qe5+ Qf6 42. Qc7+ Qf7 43. Qxf7+ Kxf7 44. Bxg6+ Kxg6 45. g4 Kf6 46. Kf2 Ke5 47. Ke3 c5 48. Kd3 a6 49. b4 cxb4 50. cxb4 d4 51. a5 bxa5 52. bxa5 Kf4 53. Kxd4 Kxg4 54. Kc5 Kxh4 55. Kb6 Kg4 56. Kxa6 h5 57. Ka7 h4 58. a6 h3 59. Kb8 h2 60. a7 h1=Q 61. a8=Q Qxa8+ 62. Kxa8 1/2-1/2


[Site "https://www.chess.com"]

[Event "Titled Tuesday Blitz August 08 Early 2023"]
[White "marik_spb"]
[Black "Demidov, Mikhail"]
[BlackFideId "4197143"]
[WhiteElo "2496"]
[BlackElo "2962"]
[Result "0-1"]
[Round "1"]
[TimeControl "180+1"]
[Date "2023.08.08"]
[WhiteClock "0:00:00"]
[BlackClock "0:00:39"]
[Board "29"]

1. d4 g6 2. c4 Bg7 3. Nc3 d6 4. e4 e5 5. dxe5 dxe5 6. Qxd8+ Kxd8 7. Be3 Be6 8. O-O-O+ Nd7 9. Nf3 f6 10. h4 h5 11. Be2 c6 12. Rd6 Ke7 13. Rhd1 Bh6 14. Bxh6 Nxh6 15. Ne1 Nf7 16. R6d2 Rhd8 17. Nc2 Nc5 18. Rxd8 Nxd8 19. b4 Nd7 20. Kb2 Nf7 21. g3 Rh8 22. Ne3 f5 23. c5 Nf6 24. exf5 gxf5 25. Nc4 Ng4 26. Bxg4 hxg4 27. Nd6 Nxd6 28. Rxd6 Rf8 29. a4 f4 30. b5 fxg3 31. fxg3 cxb5 32. axb5 Rf2+ 33. Kc1 Rf3 34. Ne4 Bf5 35. Rd5 Ke6 36. Rd6+ Ke7 37. Rd5 Bxe4 38. Rxe5+ Kf6 39. Rxe4 Rxg3 40. Kd2 Rg2+ 41. Ke3 Rg1 42. Ra4 Rb1 43. Rxa7 Rxb5 44. Kf4 Rb4+ 45. Kg3 Kf5 46. h5 Kg5 47. Ra8 Rb3+ 48. Kg2 Kxh5 49. Rh8+ Kg5 50. Rg8+ Kf5 51. Rf8+ Ke6 52. Rg8 g3 53. Rg5 Kd7 54. Rg6 Kc7 55. Kh3 Rc3 56. Rg5 Kc6 57. Kg2 Rxc5 58. Rxg3 b5 59. Kf2 Re5 60. Rc3+ Kb6 61. Rc1 b4 62. Kf3 Kb5 63. Rb1 Kc4 64. Rc1+ Kd3 65. Rc8 b3 66. Rd8+ Kc2 67. Kf4 Re7 68. Rc8+ Kb1 69. Rb8 b2 70. Kf3 Rc7 71. Ke2 Kc2 72. Rb4 b1=Q 73. Rc4+ Rxc4 0-1


[Site "https://www.chess.com"]

[Event "Titled Tuesday Blitz August 08 Early 2023"]
[White "Gledura, Benjamin"]
[Black "Glavina, Pablo"]
[WhiteFideId "712779"]
[BlackFideId "100234"]
[WhiteElo "2956"]
[BlackElo "2495"]
[Result "1/2-1/2"]
[Round "1"]
[TimeControl "180+1"]
[Date "2023.08.08"]
[WhiteClock "0:00:00"]
[BlackClock "0:00:14"]
[Board "30"]

1. e4 c6 2. Nc3 d5 3. d3 e5 4. g3 Nf6 5. Bg2 dxe4 6. Nxe4 Nxe4 7. Bxe4 Bc5 8. Qh5 Nd7 9. Bg5 Nf6 10. Bxf6 Qxf6 11. Nf3 g6 12. Qxe5+ Qxe5 13. Nxe5 Be6 14. c3 Bd6 15. f4 f6 16. Nf3 f5 17. Nd4 Bf7 18. Bf3 O-O-O 19. O-O-O Rhe8 20. Nb3 Re3 21. Rhf1 Bc7 22. d4 Bc4 23. Rf2 Rde8 24. Nd2 Bxa2 25. b3 Bxb3 26. Nxb3 Rxc3+ 27. Kb2 Ree3 28. Nd2 Bd6 29. Bg2 Rcd3 30. Bf1 Rxd4 31. Kc2 Bb4 32. Nb1 Rxd1 33. Kxd1 Re1+ 34. Kc2 a5 35. Bc4 b5 36. Bg8 Re7 37. Nc3 a4 38. Re2 Rg7 39. Re8+ Kc7 40. Be6 Kb6 41. h3 Kc5 42. g4 fxg4 43. hxg4 Kb6 44. Ne4 Re7 45. Rxe7 Bxe7 46. f5 gxf5 47. gxf5 b4 48. f6 Bf8 49. Bc4 c5 50. Ng5 Kc6 51. Nxh7 Bd6 52. f7 Kd7 53. f8=Q Bxf8 54. Nxf8+ Kd6 55. Ng6 Kc6 56. Nf4 Kd6 57. Nd3 Kc6 58. Kd2 Kb6 59. Ke3 b3 60. Kd2 Kc6 61. Kc3 Kb6 62. Kb2 Kc6 63. Ka3 Kd6 64. Kxa4 b2 65. Nxb2 Ke5 66. Kb5 Kd4 67. Na4 Ke5 68. Kxc5 Ke4 69. Nc3+ Ke5 70. Bd5 Kf6 71. Kd6 Kg7 72. Ke6 Kf8 73. Ne4 Kg8 74. Kf6+ Kh8 75. Kf7 Kh7 76. Be6 Kh8 77. Nd6 Kh7 78. Nf5 Kh8 79. Ng7 Kh7 80. Kf6 Kh8 81. Bf5 Kg8 82. Kg6 Kh8 83. Bd7 Kg8 84. Bc6 Kh8 85. Nf5 Kg8 86. Nh4 Kh8 87. Kh6 Kg8 88. Be8 Kh8 89. Ng6+ Kg8 1/2-1/2


[Site "https://www.chess.com"]

[Event "Titled Tuesday Blitz August 08 Early 2023"]
[White "Koutlas, Nikolaos"]
[Black "Indjic, Aleksandar"]
[WhiteFideId "25827138"]
[BlackFideId "911925"]
[WhiteElo "2495"]
[BlackElo "2938"]
[Result "0-1"]
[Round "1"]
[TimeControl "180+1"]
[Date "2023.08.08"]
[WhiteClock "0:00:09"]
[BlackClock "0:01:30"]
[Board "31"]

1. c4 e5 2. Nc3 Bb4 3. Qc2 Nf6 4. g3 c6 5. Nf3 Qe7 6. Bg2 O-O 7. e4 d6 8. O-O Bg4 9. h3 Bxf3 10. Bxf3 Bc5 11. d3 a6 12. a4 a5 13. Bg2 Na6 14. Qe2 Ne8 15. Kh2 Nec7 16. f4 Ne6 17. f5 Nd4 18. f6 Qxf6 19. Qd1 Qe7 20. Qh5 g6 21. Qh6 f5 22. exf5 gxf5 23. Bg5 Qg7 24. Qh4 Qg6 25. Rae1 Kg7 26. Ne4 Rf7 27. g4 f4 28. Nc3 f3 29. Ne4 Raf8 30. Bh1 Bb4 31. Re3 h6 32. Be7 Re8 33. Bf6+ Rxf6 34. Nxf6 Qxf6 35. Qxf6+ Kxf6 36. Bxf3 Ke7 37. Be4 Bd2 38. Rg3 Bf4 39. h4 Nc5 40. g5 Nxe4 41. dxe4 hxg5 42. hxg5 Ne6 43. g6 Rg8 44. Rxf4 exf4 0-1


[Site "https://www.chess.com"]

[Event "Titled Tuesday Blitz August 08 Early 2023"]
[White "Kovalev, Vladislav"]
[Black "Hnydiuk, Aleksander"]
[WhiteFideId "13504398"]
[BlackFideId "1109057"]
[WhiteElo "2935"]
[BlackElo "2494"]
[Result "1/2-1/2"]
[Round "1"]
[TimeControl "180+1"]
[Date "2023.08.08"]
[WhiteClock "0:00:09"]
[BlackClock "0:00:04"]
[Board "32"]

1. e4 e5 2. Nf3 Nc6 3. Bb5 a6 4. Ba4 Nf6 5. O-O Be7 6. d3 b5 7. Bb3 O-O 8. Nc3 d6 9. a3 Be6 10. Nd5 h6 11. Bd2 Re8 12. a4 Rb8 13. axb5 axb5 14. Ra6 Qd7 15. Qe2 Bg4 16. c3 Nxd5 17. Bxd5 Nd8 18. h3 Be6 19. Rfa1 c6 20. Bxe6 Nxe6 21. Be3 Bf8 22. b4 Rb7 23. Qa2 g6 24. Ra7 Bg7 25. Rxb7 Qxb7 26. Qa7 Qxa7 27. Rxa7 Rc8 28. Nd2 f5 29. f3 h5 30. Nb3 Bf6 31. Ra6 Bg5 32. Bxg5 Nxg5 33. Na5 c5 34. Rxd6 cxb4 35. cxb4 Rc1+ 36. Kf2 Rc2+ 37. Kf1 Rc1+ 38. Ke2 Rc2+ 39. Kd1 Rxg2 40. Rxg6+ Kf7 41. exf5 Rg1+ 42. Ke2 Nxh3 43. Rxg1 Nxg1+ 44. Kf2 Nh3+ 45. Kg3 Nf4 46. d4 Ne2+ 47. Kh4 Nxd4 48. Kxh5 Nxf5 49. Kg5 Nd4 50. Kg4 Ke6 51. Nb7 Kd5 52. Na5 Nc2 53. Kf5 Nxb4 54. Nb3 Nc2 55. Nd2 Nd4+ 56. Kg4 b4 57. f4 exf4 58. Kxf4 b3 59. Nxb3 1/2-1/2


[Site "https://www.chess.com"]

[Event "Titled Tuesday Blitz August 08 Early 2023"]
[White "Mortazavi, Ali"]
[Black "Terry, Renato"]
[WhiteFideId "401323"]
[BlackFideId "3803457"]
[WhiteElo "2494"]
[BlackElo "2933"]
[Result "0-1"]
[Round "1"]
[TimeControl "180+1"]
[Date "2023.08.08"]
[WhiteClock "0:00:00"]
[BlackClock "0:00:45"]
[Board "33"]

1. Nf3 d5 2. g3 Nf6 3. Bg2 c6 4. O-O Bg4 5. d3 Nbd7 6. c4 dxc4 7. dxc4 e5 8. Nc3 Be7 9. b3 O-O 10. Qc2 Qc7 11. Nh4 Rfe8 12. Bb2 a5 13. Rad1 Nc5 14. a3 Rad8 15. Nf5 Bf8 16. b4 axb4 17. axb4 Na6 18. b5 Nc5 19. bxc6 bxc6 20. h3 Bh5 21. g4 Bg6 22. Rxd8 Rxd8 23. Rd1 Re8 24. e3 h5 25. Qe2 hxg4 26. hxg4 e4 27. Nh4 Bh7 28. g5 Nfd7 29. g6 fxg6 30. Qg4 Ne5 31. Qg3 Qb8 32. Ba1 Qb3 33. Rd4 Qa3 34. Rd1 Qb3 35. Rd4 Ra8 36. Rd1 Rxa1 37. Rxa1 Qxc3 38. Ra8 Qe1+ 39. Kh2 Ncd3 40. Bh3 Kf7 41. Ra7+ Ke8 42. Ra8+ Kf7 43. Ra7+ Be7 44. Qg5 Qxf2+ 45. Bg2 Qf6 0-1


[Site "https://www.chess.com"]

[Event "Titled Tuesday Blitz August 08 Early 2023"]
[White "Shimanov, Aleksandr"]
[Black "Liu, Casper"]
[WhiteFideId "4198603"]
[BlackFideId "1454153"]
[WhiteElo "2933"]
[BlackElo "2494"]
[Result "1-0"]
[Round "1"]
[TimeControl "180+1"]
[Date "2023.08.08"]
[WhiteClock "0:01:30"]
[BlackClock "0:00:10"]
[Board "34"]

1. e4 c5 2. f4 g6 3. Nf3 Bg7 4. c3 d5 5. e5 Bg4 6. h3 Bxf3 7. Qxf3 e6 8. Bb5+ Nc6 9. Bxc6+ bxc6 10. d3 h5 11. O-O Nh6 12. Be3 Rb8 13. b3 Qa5 14. Qf2 Bf8 15. c4 Nf5 16. Bd2 Qd8 17. Nc3 Be7 18. g3 g5 19. fxg5 Bxg5 20. Kh2 Rg8 21. Rg1 Kd7 22. Na4 Qe7 23. Nxc5+ Qxc5 24. Qxc5 1-0


[Site "https://www.chess.com"]

[Event "Titled Tuesday Blitz August 08 Early 2023"]
[White "Khandelwal, Ankush"]
[Black "Sjugirov, Sanan"]
[WhiteFideId "413470"]
[BlackFideId "4189302"]
[WhiteElo "2494"]
[BlackElo "2925"]
[Result "1/2-1/2"]
[Round "1"]
[TimeControl "180+1"]
[Date "2023.08.08"]
[WhiteClock "0:00:09"]
[BlackClock "0:01:17"]
[Board "35"]

1. e3 Nf6 2. Nf3 d5 3. c4 e6 4. b3 b6 5. Bb2 Bb7 6. Nc3 a6 7. g3 dxc4 8. bxc4 Nbd7 9. Bg2 Bd6 10. O-O O-O 11. d4 e5 12. dxe5 Nxe5 13. Nxe5 Bxg2 14. Nxf7 Rxf7 15. Kxg2 Qe8 16. Qf3 Be5 17. Rac1 b5 18. Nd1 Rd8 19. Bxe5 Qxe5 20. cxb5 axb5 21. Nc3 Rd2 22. Rfd1 Rxd1 23. Qxd1 b4 24. Ne2 Qe4+ 25. Kg1 Ng4 26. Nf4 Ne5 27. Qd8+ Rf8 28. Qd5+ Qxd5 29. Nxd5 Rxf2 30. Kxf2 Nd3+ 31. Kf3 Nxc1 32. Nxb4 c5 33. Na6 Nxa2 34. Nxc5 Nb4 35. Kf4 Kf7 36. Ne4 Nd5+ 37. Kf3 h6 38. Nd6+ Ke6 39. Ne4 Ke5 40. Nf2 Ne7 41. Ng4+ Ke6 42. Nf2 Nc6 43. Nd3 Ne7 44. Nf4+ Kf5 45. Nh5 Kg6 46. Nf4+ Kf5 47. Nh5 g6 48. Nf4 Nc6 49. e4+ Kf6 50. Ke3 Ne5 51. Nd5+ Ke6 52. Nf4+ Kf6 53. Nd5+ Ke6 54. Kf4 Nd3+ 55. Ke3 Ne5 1/2-1/2


[Site "https://www.chess.com"]

[Event "Titled Tuesday Blitz August 08 Early 2023"]
[White "Zhigalko, Sergei"]
[Black "Perrine, Dalton"]
[WhiteFideId "13502956"]
[BlackFideId "2048434"]
[WhiteElo "2924"]
[BlackElo "2494"]
[Result "1-0"]
[Round "1"]
[TimeControl "180+1"]
[Date "2023.08.08"]
[WhiteClock "0:02:48"]
[BlackClock "0:00:00"]
[Board "36"]

1. e4 c5 2. Nf3 e6 3. c3 d5 4. e5 d4 5. Bd3 Bd7 6. O-O Bc6 7. Re1 g5 8. b4 g4 9. b5 Bd7 10. cxd4 gxf3 11. Qxf3 Qb6 12. Nc3 a6 13. Rb1 axb5 14. Nxb5 1-0


[Site "https://www.chess.com"]

[Event "Titled Tuesday Blitz August 08 Early 2023"]
[White "Rottenwohrer Suarez, Juan"]
[Black "Muradli, Mahammad"]
[WhiteFideId "32068182"]
[BlackFideId "13409301"]
[WhiteElo "2493"]
[BlackElo "2920"]
[Result "0-1"]
[Round "1"]
[TimeControl "180+1"]
[Date "2023.08.08"]
[WhiteClock "0:00:00"]
[BlackClock "0:00:05"]
[Board "37"]

1. e4 d6 2. d4 e5 3. dxe5 dxe5 4. Qxd8+ Kxd8 5. Bc4 f6 6. Be3 Bd6 7. Nd2 c6 8. a4 Kc7 9. Ne2 Ne7 10. Nb3 Nd7 11. O-O Nb6 12. Bd3 Be6 13. Nc5 Bf7 14. Nc3 Rhd8 15. b3 g5 16. g3 Ng6 17. Rfd1 h5 18. a5 Nc8 19. a6 b6 20. Nb7 Rd7 21. Nxd6 Nxd6 22. Kg2 h4 23. Be2 Be6 24. Bh5 Ne7 25. Rd2 Rh8 26. Be2 Nf7 27. Rxd7+ Kxd7 28. Na4 Kc7 29. Rd1 Nd6 30. f3 hxg3 31. hxg3 g4 32. Nxb6 gxf3+ 33. Bxf3 axb6 34. Bxb6+ Kxb6 35. Rxd6 Bh3+ 36. Kf2 Rf8 37. a7 Kxa7 38. g4 Kb6 39. Rd1 Ng6 40. Kg3 Nf4 0-1


[Site "https://www.chess.com"]

[Event "Titled Tuesday Blitz August 08 Early 2023"]
[White "Zemlyanskii, Ivan"]
[Black "Nguyen Hong Nhung"]
[WhiteFideId "24249971"]
[BlackFideId "12412201"]
[WhiteElo "2915"]
[BlackElo "2492"]
[Result "1-0"]
[Round "1"]
[TimeControl "180+1"]
[Date "2023.08.08"]
[WhiteClock "0:00:26"]
[BlackClock "0:00:59"]
[Board "38"]

1. d4 f5 2. Qd3 d5 3. c4 c6 4. Nc3 Nf6 5. Bf4 e6 6. e3 Be7 7. Nf3 O-O 8. Qc2 Nbd7 9. cxd5 exd5 10. Qxf5 Nc5 11. Qc2 Nce4 12. Bd3 Bg4 13. Ne5 Bf5 14. f3 Nxc3 15. Bxf5 Nb5 16. Be6+ Kh8 17. O-O Qe8 18. Bf5 Qh5 19. g4 Qh4 20. Qg2 Nh5 21. Bg3 Nxg3 22. hxg3 Qh6 23. Kf2 Nxd4 24. Rh1 Nxf5 25. Rxh6 Nxh6 26. Ke2 Bd6 27. Nd3 Rae8 28. Kd2 Bc7 29. Rh1 Bb6 30. Re1 Nf7 31. f4 Nd6 32. b3 Ne4+ 33. Kc2 Re7 34. g5 Rfe8 35. Qh3 Nd6 36. Ne5 Kg8 37. Rh1 g6 38. Nxg6 hxg6 39. Qh8+ Kf7 40. Qf6+ Kg8 41. Rh8# 1-0


[Site "https://www.chess.com"]

[Event "Titled Tuesday Blitz August 08 Early 2023"]
[White "Tworuszka, Michal"]
[Black "Demchenko, Anton"]
[WhiteFideId "1117858"]
[BlackFideId "4160258"]
[WhiteElo "2490"]
[BlackElo "2910"]
[Result "0-1"]
[Round "1"]
[TimeControl "180+1"]
[Date "2023.08.08"]
[WhiteClock "0:00:01"]
[BlackClock "0:00:19"]
[Board "39"]

1. e4 e5 2. Nf3 Nc6 3. Bb5 a6 4. Ba4 Nf6 5. O-O Be7 6. Re1 b5 7. Bb3 d6 8. c3 O-O 9. h3 Nb8 10. d4 Nbd7 11. Nbd2 Bb7 12. Bc2 Re8 13. Nf1 Bf8 14. Ng3 a5 15. a3 a4 16. Bd3 c6 17. Nf5 Qb6 18. Bb1 c5 19. d5 c4 20. Bg5 h6 21. Bh4 g6 22. Ne3 Bg7 23. Nh2 Nc5 24. Qf3 Nh7 25. g4 Nb3 26. Ra2 Ng5 27. Qg2 Bf6 28. Kh1 Qd8 29. Bg3 Nh7 30. Nhf1 Bg5 31. Nc2 Bf4 32. Nb4 Kh8 33. Bc2 Qf6 34. Raa1 Nxa1 35. Rxa1 Rg8 36. Re1 h5 37. f3 hxg4 38. fxg4 Kg7 39. h4 Rh8 40. Kg1 Bxg3 41. Qxg3 Qe7 42. Nh2 Nf6 43. Nf3 Qd7 44. Nh2 Rh7 45. Rf1 Rah8 46. Qf3 Qe7 47. h5 gxh5 48. g5 Ng4 49. Qf5 Bc8 50. Qf6+ Nxf6 51. gxf6+ Qxf6 0-1


[Site "https://www.chess.com"]

[Event "Titled Tuesday Blitz August 08 Early 2023"]
[White "Zakhartsov, Vladimir"]
[Black "Ljukin, Sergei"]
[WhiteFideId "4145097"]
[BlackFideId "14102200"]
[WhiteElo "2907"]
[BlackElo "2490"]
[Result "1-0"]
[Round "1"]
[TimeControl "180+1"]
[Date "2023.08.08"]
[WhiteClock "0:01:29"]
[BlackClock "0:01:04"]
[Board "40"]

1. e4 e6 2. d4 d5 3. Nd2 Nf6 4. Bd3 c5 5. e5 Nfd7 6. c3 Nc6 7. Ne2 cxd4 8. cxd4 f6 9. exf6 Qxf6 10. Nf3 h6 11. O-O Bd6 12. Ng3 O-O 13. Bc2 Rd8 14. Re1 Qf7 15. Qd3 Nf8 16. a3 Bd7 17. Ne5 Nxe5 18. dxe5 Bc5 19. Be3 d4 20. Bd2 a6 21. Ne4 Bb5 22. Qg3 Be7 23. Bxh6 d3 24. Bb3 Bc6 25. Nd6 Bxd6 26. exd6 Bd5 27. Bxd5 exd5 28. Re7 1-0


[Site "https://www.chess.com"]

[Event "Titled Tuesday Blitz August 08 Early 2023"]
[White "Papayan, Oleg"]
[Black "Jones, Gawain C B"]
[WhiteFideId "4193911"]
[BlackFideId "409561"]
[WhiteElo "2488"]
[BlackElo "2899"]
[Result "0-1"]
[Round "1"]
[TimeControl "180+1"]
[Date "2023.08.08"]
[WhiteClock "0:00:05"]
[BlackClock "0:00:05"]
[Board "41"]

1. e4 e5 2. Nf3 Nc6 3. Bb5 a6 4. Bxc6 dxc6 5. Nc3 f6 6. d4 exd4 7. Qxd4 Qxd4 8. Nxd4 Bd7 9. Be3 O-O-O 10. O-O-O Ne7 11. Nb3 b6 12. f3 Ng6 13. Ne2 c5 14. Bf2 Be7 15. Bg3 a5 16. Nf4 a4 17. Nd2 Nxf4 18. Bxf4 Be6 19. a3 g5 20. Bg3 h5 21. h3 h4 22. Bh2 c4 23. c3 Rd3 24. Nf1 Rhd8 25. Rxd3 cxd3 26. Kd2 f5 27. exf5 Bxf5 28. Ne3 Bg6 29. Re1 Bf8 30. Ng4 Bf5 31. Ne5 Kb7 32. Bg1 Rd5 33. Nc4 Rb5 34. Re5 Kc6 35. Rxb5 Kxb5 36. Ne5 Bg7 37. Nxd3 Kc4 38. Nc1 c5 39. Be3 Bf6 40. Bg1 Bd8 41. Be3 Be7 42. Bf2 b5 43. Be3 b4 44. cxb4 cxb4 45. axb4 Bxb4+ 46. Kd1 Be7 47. Ne2 Bf6 48. Bc1 Bd3 49. f4 gxf4 50. Nxf4 Be4 51. Ke2 Bg5 52. Kf2 Kb3 53. Be3 Bf6 54. Bc5 Bxb2 55. g3 Bf6 56. gxh4 Bxh4+ 57. Ke3 Bf5 58. Kf3 Bf6 59. Ng2 Bxh3 60. Nf4 Bf5 61. Ke3 Bc3 62. Ne2 Be1 63. Nd4+ Kc4 64. Ba3 Bh7 65. Ke2 Bc3 66. Nc6 Kb3 67. Be7 Be4 68. Na7 Bb4 69. Bf6 a3 70. Nb5 a2 71. Ke3 Bg6 72. Nd4+ Ka4 73. Nc6 Bc5+ 74. Kd2 Ka3 75. Kc1 Be3+ 76. Kd1 Bg5 77. Be5 Be4 78. Na7 Ka4 79. Nc8 Be3 80. Nd6 Bd3 81. Nf7 Kb3 82. Nd6 Kb4 83. Nb7 Kc4 84. Nd6+ Kd5 85. Ba1 Bd4 86. Ke1 Bxa1 87. Nb5 Bd4 88. Nc3+ Bxc3+ 89. Kd1 a1=Q# 0-1


[Site "https://www.chess.com"]

[Event "Titled Tuesday Blitz August 08 Early 2023"]
[White "Vokhidov, Shamsiddin"]
[Black "Novik, Maxim"]
[WhiteFideId "14204223"]
[BlackFideId "4102924"]
[WhiteElo "2898"]
[BlackElo "2488"]
[Result "1-0"]
[Round "1"]
[TimeControl "180+1"]
[Date "2023.08.08"]
[WhiteClock "0:02:04"]
[BlackClock "0:00:33"]
[Board "42"]

1. e4 c6 2. d4 d5 3. Nc3 dxe4 4. Nxe4 Bf5 5. Ng3 Bg6 6. h4 h6 7. Nf3 e6 8. Ne5 Bh7 9. Bd3 Bxd3 10. Qxd3 Nd7 11. Qe2 Nxe5 12. dxe5 Ne7 13. O-O Nd5 14. h5 Qh4 15. Ne4 Nf4 16. Qf3 Nd5 17. c4 Nb6 18. g3 Qd8 19. Rd1 Qc7 20. b3 Qxe5 21. Bf4 Qf5 22. g4 Qh7 23. a4 Be7 24. a5 Nd7 25. a6 b6 26. Nd6+ Bxd6 27. Rxd6 Rc8 28. Rxc6 O-O 29. Rxc8 Rxc8 30. Qb7 Rd8 31. Rd1 Qc2 32. Rxd7 Rxd7 33. Qxd7 Qb1+ 34. Kh2 Qe4 35. Qe8+ Kh7 36. Qxf7 Qf3 37. Kg1 Qd1+ 38. Kg2 Qxg4+ 39. Bg3 Qe4+ 40. Kh2 1-0


[Site "https://www.chess.com"]

[Event "Titled Tuesday Blitz August 08 Early 2023"]
[White "Mindhunter08"]
[Black "Kazakouski, Valery"]
[BlackFideId "13507443"]
[WhiteElo "2487"]
[BlackElo "2890"]
[Result "0-1"]
[Round "1"]
[TimeControl "180+1"]
[Date "2023.08.08"]
[WhiteClock "0:00:04"]
[BlackClock "0:00:59"]
[Board "43"]

1. e4 c5 2. Nf3 a6 3. c3 d5 4. exd5 Qxd5 5. d4 Bg4 6. Be2 Nf6 7. O-O e6 8. Be3 cxd4 9. cxd4 Nc6 10. Nc3 Qd6 11. h3 Bh5 12. Qb3 Qb4 13. Qxb4 Bxb4 14. Rac1 O-O 15. Rfd1 Rfd8 16. a3 Bf8 17. g4 Bg6 18. Ne5 Ne7 19. Bf3 Nfd5 20. Bd2 Rac8 21. Nxg6 hxg6 22. Nxd5 Nxd5 23. Rxc8 Rxc8 24. Bxd5 exd5 25. Rc1 Rc4 26. Rxc4 dxc4 27. Kg2 f5 28. Kf3 Kf7 29. gxf5 gxf5 30. Kf4 Kf6 31. d5 Bd6+ 32. Kf3 Be5 33. Bc1 Ke7 34. Ke2 Kd6 35. f3 Kxd5 36. Kd1 b5 37. Kc2 Bc7 38. b3 cxb3+ 39. Kxb3 Kd4 40. Bb2+ Ke3 41. Bxg7 Kxf3 42. Kb4 Bd6+ 43. Ka5 Bxa3 44. Kxa6 b4 45. h4 Kg4 46. Kb5 b3 47. Ka4 b2 48. Bxb2 Bxb2 0-1


[Site "https://www.chess.com"]

[Event "Titled Tuesday Blitz August 08 Early 2023"]
[White "Narayanan, Srinath"]
[Black "Jovic, Stanoje"]
[WhiteFideId "5018420"]
[BlackFideId "905020"]
[WhiteElo "2888"]
[BlackElo "2486"]
[Result "1-0"]
[Round "1"]
[TimeControl "180+1"]
[Date "2023.08.08"]
[WhiteClock "0:01:03"]
[BlackClock "0:00:39"]
[Board "44"]

1. Nf3 Nf6 2. c4 c5 3. d4 cxd4 4. Nxd4 Nc6 5. Nc3 g6 6. g3 Bg7 7. Bg2 O-O 8. O-O d6 9. Nxc6 bxc6 10. Bxc6 Rb8 11. Bg2 Be6 12. Qd3 Qa5 13. Rb1 Rfc8 14. b3 Qh5 15. h4 h6 16. Ne4 Nxe4 17. Bxe4 Qa5 18. a4 f5 19. Bg2 Bf7 20. Bd2 Qa6 21. e4 e6 22. h5 d5 23. hxg6 Bxg6 24. exd5 e5 25. d6 Kh7 26. Qd5 Rd8 27. c5 Qa5 28. Bxa5 1-0


[Site "https://www.chess.com"]

[Event "Titled Tuesday Blitz August 08 Early 2023"]
[White "Yashmetov, Mikhail"]
[Black "Aravindh, Chithambaram VR."]
[WhiteFideId "24198900"]
[BlackFideId "5072786"]
[WhiteElo "2486"]
[BlackElo "2886"]
[Result "0-1"]
[Round "1"]
[TimeControl "180+1"]
[Date "2023.08.08"]
[WhiteClock "0:00:01"]
[BlackClock "0:00:10"]
[Board "45"]

1. d4 Nf6 2. c4 b6 3. Nf3 Bb7 4. g3 Bxf3 5. exf3 e6 6. f4 d5 7. Bg2 c6 8. O-O Be7 9. b3 O-O 10. Ba3 Bxa3 11. Nxa3 Qd6 12. Nc2 Nbd7 13. Qd2 Rfd8 14. Rfd1 g6 15. Ne3 a5 16. Rac1 h5 17. h4 Rac8 18. Qb2 b5 19. c5 Qc7 20. a3 Ne8 21. Qc2 Ndf6 22. Nf1 Ng7 23. Nd2 Nf5 24. Nf3 Qe7 25. Ne5 Nd7 26. Bh3 Ng7 27. Qe2 Nxe5 28. fxe5 b4 29. a4 g5 30. hxg5 Qxg5 31. Qe3 Qg6 32. Qf4 Kf8 33. Bf1 Ke7 34. Bd3 f5 35. exf6+ Qxf6 36. Qxf6+ Kxf6 37. Re1 Rh8 38. Re5 Rcf8 39. Rce1 Ke7 40. Kg2 Rf6 41. f4 Kf7 42. R5e2 h4 43. Re3 hxg3 44. Rxg3 Nh5 45. Rg4 Nxf4+ 46. Rxf4 Rxf4 47. Re3 Rg8+ 48. Kh2 Rh4+ 49. Rh3 Rgh8 50. Rxh4 Rxh4+ 51. Kg3 Rxd4 52. Ba6 Kf6 53. Bb7 Rd3+ 54. Kf4 Rc3 55. Bxc6 e5+ 56. Kg4 Rxc5 57. Bb5 e4 58. Kf4 Rc3 59. Ba6 Rf3+ 60. Kg4 Ke5 61. Bb7 Rxb3 62. Kg5 d4 63. Ba6 d3 64. Bc4 Rc3 0-1


[Site "https://www.chess.com"]

[Event "Titled Tuesday Blitz August 08 Early 2023"]
[White "Alekseev, Evgeny"]
[Black "Tokman, Ariel"]
[WhiteFideId "4138147"]
[BlackFideId "117420"]
[WhiteElo "2883"]
[BlackElo "2484"]
[Result "1-0"]
[Round "1"]
[TimeControl "180+1"]
[Date "2023.08.08"]
[WhiteClock "0:01:26"]
[BlackClock "0:00:00"]
[Board "46"]

1. e4 Nf6 2. e5 Nd5 3. d4 d6 4. Nf3 Bg4 5. Be2 g6 6. h3 Bxf3 7. Bxf3 c6 8. O-O Bg7 9. exd6 Qxd6 10. c3 O-O 11. Nd2 Nd7 12. Re1 Rfe8 13. Nc4 Qc7 14. Bg5 e5 15. Bxd5 cxd5 16. Nxe5 Nxe5 17. dxe5 Rxe5 18. Rxe5 Qxe5 19. Be3 Qe4 20. Qb3 b6 21. Rd1 Rd8 22. Qa3 Rd7 23. Qa6 Qe7 24. Qb5 Qe6 25. Bd4 Bxd4 26. Rxd4 Kg7 27. Qd3 Qe1+ 28. Qf1 Qxf1+ 29. Kxf1 Kf6 30. Ke2 Ke5 31. Ke3 g5 32. f4+ gxf4+ 33. Rxf4 f5 34. Rh4 Rg7 35. Kf3 Rf7 36. g3 Rg7 37. Rh5 Ke6 38. Kf4 1-0


[Site "https://www.chess.com"]

[Event "Titled Tuesday Blitz August 08 Early 2023"]
[White "Bach Ngoc Thuy Duong"]
[Black "Harshavardhan G B"]
[WhiteFideId "12408956"]
[BlackFideId "25059009"]
[WhiteElo "2483"]
[BlackElo "2882"]
[Result "0-1"]
[Round "1"]
[TimeControl "180+1"]
[Date "2023.08.08"]
[WhiteClock "0:00:22"]
[BlackClock "0:01:37"]
[Board "47"]

1. d4 Nf6 2. c4 e6 3. Nc3 Bb4 4. Qc2 d5 5. cxd5 exd5 6. Bg5 h6 7. Bxf6 Qxf6 8. e3 c6 9. Bd3 O-O 10. a3 Bd6 11. Nge2 Nd7 12. O-O Qe7 13. Ng3 Nf6 14. b4 a6 15. Bf5 Be6 16. Na4 Rae8 17. Nc5 Bxg3 18. hxg3 Bxf5 19. Qxf5 g6 20. Qc2 Ne4 21. a4 Nd6 22. Rab1 Kg7 23. Rfe1 h5 24. Qe2 Rh8 25. Qf3 h4 26. gxh4 Qxh4 27. Kf1 Nc4 28. Red1 Rh5 29. g3 Qh3+ 30. Qg2 Qg4 31. Kg1 Reh8 32. Nxb7 Rh3 33. Nc5 Nxe3 34. fxe3 Rxg3 35. Rd2 Rhh3 0-1


[Site "https://www.chess.com"]